 Seeded DCSS version 0.29.1-15-g9cfb28693d (webtiles) character file.

Game seed: 11243125695441447609 (custom seed)

11 Gelion the Vexing (level 2, 0/16 HPs)
             Began as a Deep Elf Arcane Marksman on Mar 7, 2023.
             Slain by a kobold
             ... wielding a +0 short sword
              (3 damage)
             ... on level 1 of the Dungeon.
             The game lasted 00:01:36 (290 turns).

Gelion the Vexing (Deep Elf Arcane Marksman)         Turns: 290, Time: 00:01:37

Health: 0/16       AC:  2    Str:  7    XL:     2   Next: 17%
Magic:  6/7        EV: 12    Int: 17    God:
Gold:   0          SH:  0    Dex: 15    Spells: 4/5 levels left

rFire   . . .      SeeInvis .   a - +1 sling
rCold   . . .      Faith    .   (no shield)
rNeg    . . .      Spirit   .   c - +0 robe
rPois   .          Reflect  .   (no helmet)
rElec   .          Harm     .   (no cloak)
rCorr   .          Rampage  .   (no gloves)
Will    .....                   (no boots)
Stlth   +.........              (no amulet)
HPRegen 0.05/turn               (no ring)
MPRegen 0.10/turn               (no ring)

@: no status effects
A: no striking features
a: no special abilities


You were on level 1 of the Dungeon.
You visited 1 branch of the dungeon, and saw 1 of its levels.

Inventory:

Hand Weapons
 a - a +1 sling (weapon)
Armour
 c - a +0 robe (worn)
Scrolls
 b - a scroll of poison
 e - 2 scrolls of butterflies
Potions
 f - a potion of mutation {unknown}


   Skills:
 + Level 1.0 Fighting
 + Level 3.0 Ranged Weapons
 + Level 2.6 Dodging
 + Level 2.0 Spellcasting
 + Level 4.2 Hexes


You had 4 spell levels left.
You knew the following spells:

 Your Spells              Type           Power      Damage    Failure   Level
a - Slow                  Hex            64%        N/A       3%          1

Your spell library contained the following spells:

 Spells                   Type           Power      Damage    Failure   Level
 Inner Flame              Hex/Fire       8%         N/A       24%         3
 Portal Projectile        Hex/Tloc       16%        N/A       24%         3
 Cause Fear               Hex            8%         N/A       34%         4


Dungeon Overview and Level Annotations

Branches:
Dungeon (1/15)

Altars:


Message History

The kobold attacks as you move away!
The kobold hits you with a +0 short sword.
You are too injured to fight recklessly!
As you read the scroll labelled TUCKYZ NATI, it crumbles to dust.
You hear the tinkle of a tiny bell.
It was a scroll of butterflies.
The kobold hits you with a +0 short sword.
* * * LOW HITPOINT WARNING * * *
You swap places.
The kobold closely misses your butterfly.
You swap places.
The kobold barely misses your butterfly.
You see here a rat corpse.
The kobold hits your butterfly with a +0 short sword.
Your butterfly dies!
Your butterfly disappears in a burst of colours!
You see here a ball python corpse.
You are too injured to fight recklessly!
Aiming: Slow (safe; 3% risk of failure)
Press: ? - help, Q - select action, (/) - cycle Shift-Dir - straight line, f/p - kobold
Aim: a kobold, wielding a +0 short sword (chance to affect: 72%)
The kobold seems to slow down.
Fire: a) +1 sling
Press: ? - help, Shift-Dir - straight line, f/p - kobold
Aim: a kobold, wielding a +0 short sword (slow, 50% to hit)
You shoot a sling bullet.
The sling bullet barely misses the kobold.
Aiming: Slow (safe; 3% risk of failure)
Press: ? - help, Q - select action, (/) - cycle Shift-Dir - straight line, f/p - kobold
Aim: a kobold, wielding a +0 short sword (slow, chance to affect: 72%)
The kobold seems to slow down.
There is an open door here.
A dart slug comes into view.
The kobold hits you with a +0 short sword.
* * * LOW HITPOINT WARNING * * *
Aiming: Slow (safe; 3% risk of failure)
Press: ? - help, Q - select action, (/) - cycle Shift-Dir - straight line, f - kobold
Aim: a kobold, wielding a +0 short sword (chance to affect: 72%)
The kobold seems to slow down.
The kobold hits you with a +0 short sword.
You die...

,,*****#....##..##*..w.,,*******,
,,*,,*#..######..#*#..#*** *,
,,**....## ###.## #..**********,
,,*###...####...# #..,,,,,,,,,,,
,,* ##.......#.# #.#***********
,,* ##.###.#### #.# * ,,********
#..# #.# * ,,**,,**,* ##.######.#
###### ,,+,**,,** ##..@K...#
#....#### ,,***********######..#
#.......# ,,,,,,,,,,,,,,,***##.#
#.......#
,,,,,,,,,*****,,,*##.###.......#
********,*******,,#..K.#....#***
*** *,,,,,,,,#....#......# ,,*
*,,,,,,,,####.###.K.### ,,*
*,,,,,,,,* #.# ###.K.# ,,*
*,,,,,,,,* #.# ###.##


You could see a kobold (slow).

Vanquished Creatures
  A dart slug (D:1)
  A ball python (D:1)
  A bat (D:1)
  A giant cockroach (D:1)
  A hobgoblin (D:1)
  A kobold (D:1)
  3 rats (D:1)
9 creatures vanquished.

Notes
Turn   | Place    | Note
-------+----------+-------------------------------------------
     0 | D:1      | Gelion the Deep Elf Arcane Marksman began the quest for the
                  | Orb.
     0 | D:1      | Reached XP level 1. HP: 11/11 MP: 5/5
   200 | D:1      | Reached skill level 1 in Fighting
   229 | D:1      | Reached XP level 2. HP: 16/16 MP: 6/6
   290 | D:1      | Slain by a kobold

Illustrated notes

Levels and vault maps discovered:
D:1:      dpeg_arrival_round_a, layout_basic,
          hellmonk_ecumenical_altar_slurped_away, minmay_box_of_dots

Skill      XL: |  1  2 |
---------------+-------+-----
Fighting       | 1 |  1.0
Ranged Weapons | 3 |  3.0
Spellcasting   | 2 |  2.0
Dodging        | |  2.6
Hexes          | |  4.2

Action                   || total
-------------------------++-------
 Fire: Sling             ||    28
 Cast: Slow              ||     3
  Use: Scroll            ||     2
Armor: Robe              ||     7
Dodge: Dodged            ||    24
